AoeStats
← RoR | Vodka_L_2

Arabian Desert

510100934Analyzed
1v1 RM · 3d ago on Sep 29, 2026· 50m 37s· 2 players
Game mode
Random Map
Map size
Tiny (2 player)
Population
200
Speed
Normal
Resources
Standard
Victory
Conquest
Starting age
Dark Age
Ending age
Imperial Age
RankedLock teamsTeams togetherTeam positionsShared explorationLock speedFull tech treeHidden civsTurbo modeCheats
Victory
Defeat
🇬🇧 Poles · United Kingdom
2832
+7
🇮🇹 Danes · Italy
2610
-7
RoR | Vodka_L_2
6:25 Loom
8:43 Feudal Age
9:01 Man-at-Arms
12:40 Fletching
20:26 Castle Age
19:01 Double-Bit Axe
19:19 Padded Archer Armor
19:26 Horse Collar
21:02 Bodkin Arrow
21:00 Elite Skirmisher
23:57 Scale Mail Armor
25:09 Squires
25:30 Town Watch
28:34 Forging
39:33 Wheelbarrow
39:26 Chain Mail Armor
40:56 Iron Casting
45:34 Imperial Age
42:54 Crossbowman
45:00 Heavy Plow
46:13 Ballistics
46:17 Bracer
45:58 Cranequins
47:41 Chemistry
47:09 Heavy Mounted Crossbowman
48:50 Conscription
50:32 Thumb Ring
Oni.Lewis
6:54 Loom
9:02 Feudal Age
10:37 Double-Bit Axe
13:08 Horse Collar
14:44 Fletching
20:55 Castle Age
19:09 Gold Mining
20:04 Padded Archer Armor
20:50 Bloodlines
20:46 Scale Barding Armor
21:37 Heavy Plow
21:41 Bodkin Arrow
21:59 Light Cavalry
23:28 Forging
25:21 Iron Casting
25:28 Bow Saw
26:51 Wheelbarrow
27:05 Husbandry
27:56 Chain Barding Armor
34:26 Scale Mail Armor
35:26 Chain Mail Armor
39:00 Squires
39:57 Arson
42:03 Ballistics
45:45 Imperial Age
43:36 Town Watch
44:00 Szlachta Privileges
45:56 Cavalier
47:44 Blast Furnace
48:13 Conscription
51:13 Crop Rotation
Connection lost

Rejoining the realm…

Still unreachable

The connection could not be restored.

Session expired

The server has moved on; the page needs a fresh start.